| TOP OF THE 1ST |
|
Oakland (APP) Athletics batting - Pitching for Cleveland (APP) Indians : RHP Ricardo Torres
|
|
Pitching: RHP Ricardo Torres
|
|
|
Batting: LHB Diego Vega
|
0-0: Ball 1-0: Ball 2-0: Called Strike 2-1: Ball 3-1: Base on Balls
|
|
Batting: RHB Gabe Secundino
|
0-0: Ball 1-0: Ball 2-0: Ball 3-0: Called Strike 3-1: Foul Ball, location: 2F 3-2: Strikes out swinging
|
|
Batting: RHB Phoctor Dill
|
0-0: Called Strike 0-1: Called Strike 0-2: SINGLE (Line Drive, 6MD, EV 94.4 MPH) Diego Vega to second
|
|
Batting: RHB Toyohiko Nakajima
|
0-0: DOUBLE (Line Drive, 78XD, EV 107.5 MPH) Diego Vega scores Phoctor Dill to third
|
|
Batting: LHB Ben Landry
|
0-0: Ball 1-0: Called Strike 1-1: Ball 2-1: Called Strike 2-2: DOUBLE (Line Drive, 78D, EV 106.9 MPH) Phoctor Dill scores Toyohiko Nakajima scores
|
|
Batting: RHB Pete Goerge
|
0-0: Called Strike 0-1: Called Strike 0-2: Strikes out swinging
|
|
Batting: SHB Raul Herrera
|
0-0: Called Strike 0-1: SINGLE (Groundball, 56D, EV 101.9 MPH) Ben Landry to third
|
|
Batting: LHB Bryan Hodensack
|
0-0: Ball 1-0: Swinging Strike 1-1: Ball 2-1: Foul Ball, location: 2F 2-2: Foul Ball, location: 2F 2-2: Foul Ball, location: 2F 2-2: Ball 3-2: Strikes out swinging
|
| Top of the 1st over - 3 runs, 4 hits, 0 errors, 2 left on base; Oakland (APP) 3 - Cleveland (APP) 0 |
| BOTTOM OF THE 1ST |
|
Cleveland (APP) Indians batting - Pitching for Oakland (APP) Athletics : RHP Quincy Potvin
|
|
Pitching: RHP Quincy Potvin
|
|
|
Batting: SHB Jack Tierney
|
0-0: Ball 1-0: SINGLE (Line Drive, 8RS, EV 100.0 MPH)
|
|
Batting: RHB Quan Tai
|
0-0: SINGLE (Line Drive, 8RS, EV 90.0 MPH) Jack Tierney to second
|
|
Batting: LHB Mario Garza
|
0-0: Ball 1-0: Foul Ball, location: 2F 1-1: Ball 2-1: Called Strike 2-2: Strikes out swinging
|
|
Batting: RHB Makoto Narita
|
0-0: Ball 1-0: Fielders Choice at 2nd, 5-4 (Groundball, 56, EV 97.5 MPH) Jack Tierney to third
|
|
Batting: RHB Xavier Bartolani
|
0-0: Called Strike 0-1: Ball 1-1: Ball 2-1: Swinging Strike 2-2: Ball 3-2: Ground out U3 (Groundball, 3, EV 100.0 MPH)
|
| Bottom of the 1st over - 0 runs, 2 hits, 0 errors, 2 left on base; Oakland (APP) 3 - Cleveland (APP) 0 |
| TOP OF THE 2ND |
|
Oakland (APP) Athletics batting - Pitching for Cleveland (APP) Indians : RHP Ricardo Torres
|
|
Batting: RHB Dave Villarreal
|
0-0: Ball 1-0: Ground out U3 (Groundball, 3, EV 103.8 MPH)
|
|
Batting: LHB Diego Vega
|
0-0: Called Strike 0-1: Foul Ball, location: 2F 0-2: Strikes out swinging
|
|
Batting: RHB Gabe Secundino
|
0-0: Ball 1-0: Ball 2-0: Called Strike 2-1: Ground out 6-3 (Groundball, 6, EV 78.8 MPH)
|
| Top of the 2nd over - 0 runs, 0 hits, 0 errors, 0 left on base; Oakland (APP) 3 - Cleveland (APP) 0 |
| BOTTOM OF THE 2ND |
|
Cleveland (APP) Indians batting - Pitching for Oakland (APP) Athletics : RHP Quincy Potvin
|
|
Batting: RHB Rob Marti
|
0-0: Ball 1-0: Called Strike 1-1: Foul Ball, location: 2F 1-2: Ball 2-2: Fly out, F7 (Flyball, 78M, EV 85.6 MPH)
|
|
Batting: RHB Cruz Castro
|
0-0: Called Strike 0-1: Ball 1-1: Fly out, F9 (Line Drive, 89S, EV 92.5 MPH)
|
|
Batting: RHB Jose Rodriguez
|
0-0: Called Strike 0-1: SINGLE (Flyball, 78S, EV 93.1 MPH)
|
|
Batting: SHB Luis de Leon
|
0-0: Ball Jose Rodriguez is caught stealing 2nd base 2-6
|
| Bottom of the 2nd over - 0 runs, 1 hit, 0 errors, 0 left on base; Oakland (APP) 3 - Cleveland (APP) 0 |
| TOP OF THE 3RD |
|
Oakland (APP) Athletics batting - Pitching for Cleveland (APP) Indians : RHP Ricardo Torres
|
|
Batting: RHB Phoctor Dill
|
0-0: Ball 1-0: Foul Ball, location: 2F 1-1: Called Strike 1-2: SINGLE (Flyball, 9LS, EV 84.4 MPH)
|
|
Batting: RHB Toyohiko Nakajima
|
0-0: Called Strike 0-1: Swinging Strike 0-2: Strikes out looking
|
|
Batting: LHB Ben Landry
|
0-0: Ball 1-0: SINGLE (Groundball, 3D, EV 105.0 MPH) Phoctor Dill to second Runner from 2nd tries for 3rd, SAFE, throw by RF made to third
|
|
Batting: RHB Pete Goerge
|
0-0: Ball 1-0: Fly out, F7 (Flyball, 78D, EV 102.5 MPH)
|
|
Batting: SHB Raul Herrera
|
0-0: Ball 1-0: SINGLE (Groundball, 6MD, EV 96.2 MPH) Phoctor Dill scores Ben Landry to second Runner from 2nd tries for 3rd, SAFE, throw by CF made to third
|
|
Batting: LHB Bryan Hodensack
|
0-0: Swinging Strike 0-1: Ball 1-1: Ball 2-1: Called Strike Raul Herrera is caught stealing 2nd base 2-6
|
| Top of the 3rd over - 1 run, 3 hits, 0 errors, 1 left on base; Oakland (APP) 4 - Cleveland (APP) 0 |
| BOTTOM OF THE 3RD |
|
Cleveland (APP) Indians batting - Pitching for Oakland (APP) Athletics : RHP Quincy Potvin
|
|
Batting: SHB Luis de Leon
|
0-0: Ball 1-0: Called Strike 1-1: Ball 2-1: Ball 3-1: Base on Balls
|
|
Batting: SHB Jack Tierney
|
0-0: Ball 1-0: Ball 2-0: Foul Ball, location: 2F 2-1: Foul Ball, location: 2F 2-2: Ball 3-2: SINGLE (Groundball, 34, EV 89.4 MPH) (infield hit) Luis de Leon to second
|
|
Batting: RHB Quan Tai
|
0-0: Called Strike 0-1: SINGLE (Groundball, 56, EV 99.4 MPH) (infield hit) Luis de Leon to third Jack Tierney to second
|
|
Batting: LHB Mario Garza
|
0-0: Foul Ball, location: 2F 0-1: Ball 1-1: Ball 2-1: Foul Ball, location: 2F 2-2: Foul Ball, location: 2F 2-2: Ball 3-2: SINGLE (Groundball, 34D, EV 105.6 MPH) Luis de Leon scores Jack Tierney to third Quan Tai to second
|
|
Batting: RHB Makoto Narita
|
0-0: Ball 1-0: Ball 2-0: Called Strike 2-1: Ball 3-1: Base on Balls Jack Tierney scores Quan Tai to third Mario Garza to second
|
|
Batting: RHB Xavier Bartolani
|
0-0: Ball 1-0: Reached on error, E5 (Groundball, 56S, EV 86.9 MPH) Quan Tai scores Mario Garza to third Makoto Narita to second
|
|
Batting: RHB Rob Marti
|
0-0: Called Strike 0-1: Ball 1-1: Foul Ball, location: 2F 1-2: Ball 2-2: Ball 3-2: Strikes out swinging
|
|
Batting: RHB Cruz Castro
|
0-0: Ball Wild Pitch! Mario Garza scores Makoto Narita to third Xavier Bartolani to second 1-0: Foul Ball, location: 2F 1-1: Ball 2-1: Ground out 6-3 (Groundball, 6M, EV 80.0 MPH) Makoto Narita scores Xavier Bartolani to third
|
|
Batting: RHB Jose Rodriguez
|
0-0: Ball 1-0: Called Strike 1-1: Ball 2-1: Foul Ball, location: 2F 2-2: Strikes out swinging
|
| Bottom of the 3rd over - 5 runs, 3 hits, 1 error, 1 left on base; Oakland (APP) 4 - Cleveland (APP) 5 |
| TOP OF THE 4TH |
|
Oakland (APP) Athletics batting - Pitching for Cleveland (APP) Indians : RHP Ricardo Torres
|
|
Batting: LHB Bryan Hodensack
|
0-0: SINGLE (Line Drive, 7S, EV 108.1 MPH)
|
|
Batting: RHB Dave Villarreal
|
0-0: Ball Bryan Hodensack is caught stealing 2nd base 2-4 1-0: Ground out 6-3 (Groundball, 6, EV 90.6 MPH)
|
|
Batting: LHB Diego Vega
|
0-0: Ball 1-0: Foul Ball, location: 2F 1-1: Swinging Strike 1-2: Strikes out looking
|
| Top of the 4th over - 0 runs, 1 hit, 0 errors, 0 left on base; Oakland (APP) 4 - Cleveland (APP) 5 |
| BOTTOM OF THE 4TH |
|
Cleveland (APP) Indians batting - Pitching for Oakland (APP) Athletics : RHP Quincy Potvin
|
|
Batting: SHB Luis de Leon
|
0-0: Swinging Strike 0-1: Foul Ball, location: 2F 0-2: Ball 1-2: Ball 2-2: Foul Ball, location: 2F 2-2: Strikes out swinging
|
|
Pitching: RHP Santiago Gonzalez
|
|
|
Batting: SHB Jack Tierney
|
0-0: Fly out, F7 (Line Drive, 7LM, EV 96.2 MPH)
|
|
Batting: RHB Quan Tai
|
0-0: Ball 1-0: Called Strike 1-1: Ground out 6-3 (Groundball, 6, EV 87.5 MPH)
|
| Bottom of the 4th over - 0 runs, 0 hits, 0 errors, 0 left on base; Oakland (APP) 4 - Cleveland (APP) 5 |
| TOP OF THE 5TH |
|
Oakland (APP) Athletics batting - Pitching for Cleveland (APP) Indians : RHP Ricardo Torres
|
|
Batting: RHB Gabe Secundino
|
0-0: Ball 1-0: Called Strike 1-1: Ball 2-1: TRIPLE (Flyball, 8RXD, EV 107.5 MPH)
|
|
Batting: RHB Phoctor Dill
|
0-0: Ball 1-0: Swinging Strike 1-1: Foul Ball, location: 2F 1-2: Ball 2-2: Ball 3-2: Strikes out swinging
|
|
Batting: RHB Toyohiko Nakajima
|
0-0: Called Strike 0-1: Foul Ball, location: 2F 0-2: Foul Ball, location: 2F 0-2: Strikes out looking
|
|
Pitching: RHP Conrado Cristina
|
|
|
Batting: LHB Ben Landry
|
0-0: Swinging Strike 0-1: Foul Ball, location: 2F 0-2: Ball 1-2: Strikes out swinging
|
| Top of the 5th over - 0 runs, 1 hit, 0 errors, 1 left on base; Oakland (APP) 4 - Cleveland (APP) 5 |
| BOTTOM OF THE 5TH |
|
Cleveland (APP) Indians batting - Pitching for Oakland (APP) Athletics : RHP Santiago Gonzalez
|
|
Batting: LHB Mario Garza
|
0-0: Called Strike 0-1: Foul Ball, location: 2F 0-2: Ball 1-2: Ball 2-2: Foul Ball, location: 2F 2-2: Ball 3-2: SINGLE (Groundball, 6MD, EV 96.2 MPH)
|
|
Batting: RHB Makoto Narita
|
0-0: Ball 1-0: Ball 2-0: SINGLE (Flyball, 9LS, EV 89.4 MPH) Mario Garza to second Runner from 2nd tries for 3rd, SAFE, throw by RF made to third
|
|
Batting: RHB Xavier Bartolani
|
0-0: Called Strike 0-1: Foul Ball, location: 2F 0-2: Strikes out looking
|
|
Batting: RHB Rob Marti
|
0-0: Ball Wild Pitch! Mario Garza scores Makoto Narita to second 1-0: Swinging Strike 1-1: Ball 2-1: SINGLE (Groundball, 56S, EV 73.1 MPH) (infield hit) Makoto Narita to third
|
|
Batting: RHB Cruz Castro
|
0-0: Ball Wild Pitch! Makoto Narita scores Rob Marti to second 1-0: Ground out 4-3 (Groundball, 4S, EV 86.2 MPH) Rob Marti to third
|
|
Batting: RHB Jose Rodriguez
|
0-0: Called Strike 0-1: Fly out, F1 (Line Drive, P, EV 65.6 MPH)
|
| Bottom of the 5th over - 2 runs, 3 hits, 0 errors, 1 left on base; Oakland (APP) 4 - Cleveland (APP) 7 |
| TOP OF THE 6TH |
|
Oakland (APP) Athletics batting - Pitching for Cleveland (APP) Indians : RHP Conrado Cristina
|
|
Batting: RHB Pete Goerge
|
0-0: Foul Ball, location: 2F 0-1: Ball 1-1: Swinging Strike 1-2: Strikes out swinging
|
|
Batting: SHB Raul Herrera
|
0-0: Called Strike 0-1: Foul Ball, location: 2F 0-2: Strikes out swinging
|
|
Batting: LHB Bryan Hodensack
|
0-0: Ball 1-0: Swinging Strike 1-1: Foul Ball, location: 2F 1-2: Ball 2-2: Strikes out swinging
|
| Top of the 6th over - 0 runs, 0 hits, 0 errors, 0 left on base; Oakland (APP) 4 - Cleveland (APP) 7 |
| BOTTOM OF THE 6TH |
|
Cleveland (APP) Indians batting - Pitching for Oakland (APP) Athletics : RHP Santiago Gonzalez
|
|
Batting: SHB Luis de Leon
|
0-0: Ball 1-0: Ball 2-0: Ball 3-0: Called Strike 3-1: Called Strike 3-2: Ground out 4-3 (Groundball, 4, EV 99.4 MPH)
|
|
Batting: SHB Jack Tierney
|
0-0: Called Strike 0-1: Ball 1-1: Ball 2-1: Foul Ball, location: 2F 2-2: Strikes out swinging, 2-3 out at first.
|
|
Batting: RHB Quan Tai
|
0-0: Ball 1-0: Foul Ball, location: 2F 1-1: Ball 2-1: Swinging Strike 2-2: Foul Ball, location: 2F 2-2: Strikes out swinging
|
| Bottom of the 6th over - 0 runs, 0 hits, 0 errors, 0 left on base; Oakland (APP) 4 - Cleveland (APP) 7 |
| TOP OF THE 7TH |
|
Oakland (APP) Athletics batting - Pitching for Cleveland (APP) Indians : RHP Conrado Cristina
|
|
Batting: RHB Dave Villarreal
|
0-0: Called Strike 0-1: Called Strike 0-2: SOLO HOME RUN (Flyball, 7LD, EV 98.1 MPH), Distance : 381 ft
|
|
Batting: LHB Diego Vega
|
0-0: Called Strike 0-1: Foul Ball, location: 2F 0-2: Foul Ball, location: 2F 0-2: Foul Ball, location: 2F 0-2: Strikes out swinging
|
|
Batting: RHB Gabe Secundino
|
0-0: Foul Ball, location: 2F 0-1: Foul Ball, location: 2F 0-2: Ground out 4-3 (Groundball, 34, EV 85.6 MPH)
|
|
Batting: RHB Phoctor Dill
|
0-0: Called Strike 0-1: Swinging Strike 0-2: Strikes out swinging
|
| Top of the 7th over - 1 run, 1 hit, 0 errors, 0 left on base; Oakland (APP) 5 - Cleveland (APP) 7 |
| BOTTOM OF THE 7TH |
|
Cleveland (APP) Indians batting - Pitching for Oakland (APP) Athletics : RHP Santiago Gonzalez
|
|
Batting: LHB Mario Garza
|
0-0: Called Strike 0-1: Foul Ball, location: 2F 0-2: Fly out, F7 (Flyball, 7D, EV 79.4 MPH)
|
|
Batting: RHB Makoto Narita
|
0-0: Foul Ball, location: 2F 0-1: Ball 1-1: Ball 2-1: Foul Ball, location: 2F 2-2: Fly out, F9 (Flyball, 9D, EV 86.9 MPH)
|
|
Batting: RHB Xavier Bartolani
|
0-0: Called Strike 0-1: Foul Ball, location: 2F 0-2: Strikes out swinging
|
| Bottom of the 7th over - 0 runs, 0 hits, 0 errors, 0 left on base; Oakland (APP) 5 - Cleveland (APP) 7 |
| TOP OF THE 8TH |
|
Oakland (APP) Athletics batting - Pitching for Cleveland (APP) Indians : RHP Conrado Cristina
|
|
Batting: RHB Toyohiko Nakajima
|
0-0: Ground out U3 (Groundball, 3, EV 80.6 MPH)
|
|
Batting: LHB Ben Landry
|
0-0: Called Strike 0-1: Fly out, F8 (Flyball, 78D, EV 85.6 MPH)
|
|
Batting: RHB Pete Goerge
|
0-0: Ground out 5-3 (Groundball, 56S, EV 69.4 MPH)
|
| Top of the 8th over - 0 runs, 0 hits, 0 errors, 0 left on base; Oakland (APP) 5 - Cleveland (APP) 7 |
| BOTTOM OF THE 8TH |
|
Cleveland (APP) Indians batting - Pitching for Oakland (APP) Athletics : RHP Santiago Gonzalez
|
|
Pitching: RHP Manny Tienda
|
|
|
Batting: RHB Rob Marti
|
0-0: Ball 1-0: Ball 2-0: Foul Ball, location: 2F 2-1: Ball 3-1: Base on Balls
|
|
Batting: RHB Cruz Castro
|
0-0: Ball Rob Marti is caught stealing 2nd base 2-4 1-0: Ball 2-0: Ball 3-0: Called Strike 3-1: SINGLE (Groundball, 6MD, EV 110.6 MPH)
|
|
Batting: RHB Jose Rodriguez
|
0-0: Ball 1-0: SINGLE (Groundball, 6M, EV 103.8 MPH) (infield hit) Cruz Castro to second
|
|
Batting: SHB Luis de Leon
|
0-0: Ball 1-0: Fielders Choice at 2nd, 3-6 (Groundball, 34S, EV 87.5 MPH) Cruz Castro to third
|
|
Batting: SHB Jack Tierney
|
0-0: Ball 1-0: TRIPLE (Line Drive, 89XD, EV 101.2 MPH) Cruz Castro scores Luis de Leon scores
|
|
Batting: RHB Quan Tai
|
0-0: Ball 1-0: Foul Ball, location: 2F 1-1: Ball 2-1: Called Strike 2-2: Strikes out swinging
|
| Bottom of the 8th over - 2 runs, 3 hits, 0 errors, 1 left on base; Oakland (APP) 5 - Cleveland (APP) 9 |
| TOP OF THE 9TH |
|
Oakland (APP) Athletics batting - Pitching for Cleveland (APP) Indians : RHP Conrado Cristina
|
|
Pitching: RHP Phil Kessler
|
|
|
Batting: SHB Raul Herrera
|
0-0: Ball 1-0: Called Strike 1-1: Called Strike 1-2: Strikes out swinging
|
|
Pinch Hitting: RHB Pat Betancourt
|
0-0: Swinging Strike 0-1: Ball 1-1: Swinging Strike 1-2: SINGLE (Line Drive, 4MD, EV 94.4 MPH)
|
|
Pinch Hitting: LHB Logan Stewart
|
0-0: Called Strike 0-1: Ball 1-1: Ball 2-1: Grounds into double play, 4-6-3 (Groundball, 4, EV 100.6 MPH)
|
| Top of the 9th over - 0 runs, 1 hit, 0 errors, 0 left on base; Oakland (APP) 5 - Cleveland (APP) 9 |
|